 Dungeon Crawl Stone Soup version 0.31-a0-538-gbc85326fa9 (webtiles) character file.

Game seed: 10070042456037585539

113 bmack86 the Chopper (level 4, 0/39 HPs)
             Began as a Minotaur Fighter on Aug 14, 2023.
             Slain by a gnoll
             ... wielding a +0 spear
              (4 damage)
             ... on level 2 of the Dungeon.
             The game lasted 00:02:32 (1314 turns).

bmack86 the Chopper (Minotaur Fighter)              Turns: 1314, Time: 00:02:33

Health: 0/39       AC:  9    Str: 23    XL:     4   Next: 65%
Magic:  3/3        EV:  8    Int:  5    God:
Gold:   65         SH:  4    Dex:  9    Spells: 3/3 levels left

rFire   . . .        a - +0 war axe
rCold   . . .        c - +0 buckler
rNeg    . . .        j - +0 chain mail
rPois   .            (helmet restricted)
rElec   .            (no cloak)
rCorr   .            (no gloves)
SInv    .            (no boots)
Will    .....        (no amulet) Stlth
                     (no ring)
HPRegen 0.26/turn    (no ring)
MPRegen 0.08/turn

%: no passive effects
@: mighty
A: horns 2, retaliatory headbutt
a: no special abilities


You were on level 2 of the Dungeon.
You visited 1 branch of the dungeon, and saw 2 of its levels.

You collected 65 gold pieces.

Inventory:

Hand Weapons
 a - a +0 war axe (weapon)
Missiles
 e - 2 throwing nets
Armour
 b - a +0 scale mail
 c - a +0 buckler (worn)
 j - a +0 chain mail (worn)
Jewellery
 h - a ring of fire
Scrolls
 g - a scroll of enchant armour {unknown}
 i - a scroll of identify {unknown}
 k - a scroll of poison {unknown}
 l - a scroll of amnesia {unknown}
Potions
 d - a potion of might
 f - 2 potions of attraction {unknown}


   Skills:
 - Level 3.6 Fighting
 + Level 6.0 Axes
 - Level 3.6 Armour
 - Level 3.6 Shields


You had 3 spell levels left.
You didn't know any spells.
Your spell library contained the following spells:

 Spells                   Type           Power      Damage    Failure   Level
 Wereblood                Tmut           0%         N/A       99%         2
 Irradiate                Conj/Tmut      0%         3d11      100%        5


Dungeon Overview and Level Annotations

Branches:
Dungeon (2/15)

Altars:


Innate Abilities, Weirdness & Mutations

You have a pair of horns on your head.
You reflexively headbutt those who attack you in melee.


Message History

You barely miss Natasha. Your headbutt misses Natasha.
You block the gnoll's attack.
The cerulean imp hits you from afar with a +2 spear.
Natasha claws you but does no damage. You block the gnoll's attack.
You block the cerulean imp's attack. Natasha claws you but does no damage.
You closely miss Natasha. Your headbutt misses Natasha.
The gnoll barely misses you.
The cerulean imp hits you from afar with a +2 spear.
Natasha claws you. The gnoll closely misses you.
You slash Natasha!
Natasha is almost dead.
You feel yourself speed up.
The cerulean imp hits you from afar with a +2 spear.
Natasha stares at you and mumbles some strange words.
The magic dart hits you.
* * * LOW HITPOINT WARNING * * *
The gnoll closely misses you.
The cerulean imp hits you but does no damage.
Natasha claws you but does no damage.
The gnoll hits you from afar with a +0 spear.
* * * LOW HITPOINT WARNING * * *
You feel very mighty all of a sudden.
The cerulean imp disappears in a puff of smoke!
Natasha closely misses you. The gnoll hits you but does no damage.
You hit Natasha but do no damage. Your headbutt misses Natasha.
Natasha is almost dead.
Natasha claws you.
* * * LOW HITPOINT WARNING * * *
The gnoll barely misses you.
You slice Natasha!!
You kill Natasha!
Natasha yowls pathetically as she dies!
You block the gnoll's attack.
Your Axes skill increases to level 6!
Unknown command.
The gnoll hits you but does no damage.
You hit the gnoll.
The gnoll is heavily wounded.
The gnoll hits you with a +0 spear.
You die...

.....#
...##.
$....
#..##
..#.
...##..#
#...
........
#...
##......
#...
##...####
#...##
...#####
#...g#
##>.....
####@#
#...###
#.#
###.##.
#.# #....
#.# ###..
#.## #.#
#..#
###.#
##.##
#....
#..##
###...#
##..#
###....##


You could see a gnoll.

Vanquished Creatures
  Natasha (D:2)
  4 adders (D:2)
  2 dart slugs (D:1)
  2 ball pythons
  6 bats
  4 endoplasms
  2 giant cockroaches (D:2)
  5 goblins
  4 hobgoblins
  6 jackals (D:1)
  2 quokkas
  2 frilled lizards
  5 kobolds
  A rat (D:2)
46 creatures vanquished.

Notes
Turn   | Place    | Note
-------+----------+-------------------------------------------
     0 | D:1      | bmack86 the Minotaur Fighter began the quest for the Orb.
     0 | D:1      | Reached XP level 1. HP: 19/19 MP: 0/0
    29 | D:1      | Reached skill level 3 in Axes
   149 | D:1      | Reached XP level 2. HP: 26/26 MP: 1/1
   237 | D:1      | Reached skill level 4 in Axes
   779 | D:1      | Reached XP level 3. HP: 31/31 MP: 2/2
  1220 | D:2      | Reached skill level 5 in Axes
  1224 | D:2      | Reached XP level 4. HP: 32/39 MP: 3/3
  1300 | D:2      | Noticed Natasha
  1312 | D:2      | Killed Natasha
  1313 | D:2      | Reached skill level 6 in Axes
  1314 | D:2      | Slain by a gnoll

Illustrated notes

Levels and vault maps discovered:
D:1:      dpeg_arrival_arbitrary_c, layout_basic, st_stairs_7
D:2:      layout_rooms, minmay_surrounded, uniq_natasha

Skill      XL: |  1  2  3  4 |
---------------+-------------+-----
Axes           | 3 4 5 6 |  6.0
Fighting       | |  3.6
Armour         | |  3.6
Shields        | |  3.6

Action                     |  1- 3 |  4- 6 || total
---------------------------+-------+-------++-------
  Melee: War axe           |    67 |    14 ||    81
         Headbutt          |     6 |     1 ||     7
    Use: Potion            |       |     1 ||     1
 Armour: Scale mail        |    35 |       ||    35
         Chain mail        |    18 |    12 ||    30
  Dodge: Dodged            |    46 |     7 ||    53
  Block: Buckler           |    17 |     8 ||    25

Table legend: (Time is in decaauts)
 A = Elapsed time spent in this place.
 B = Non-inter-level travel time spent in this place.
 C = Inter-level travel time spent in this place.
 D = Time resting spent in this place.
 E = Time spent auto-exploring this place.
 F = Levels seen in this place.
 G = Mean time per level.
                   A        B        C        D        E       F      G
               +--------+--------+--------+--------+--------+-----+--------+
         Total |   1343 |   1333 |     10 |      0 |   1012 |   2 |  671.5 |
       Dungeon |   1343 |   1333 |     10 |      0 |   1012 |   2 |  671.5 |
               +--------+--------+--------+--------+--------+-----+--------+

Top non-repeatable levels by time:
     D:1: 900 daAuts
     D:2: 442 daAuts
